[Event "RUS Cup Final Men 2018"]
[Site "Khanty-Mansiysk"]
[Date "2018.12.07"]
[Round "2.1"]
[White "Timofeev, Artyom"]
[Black "Sorokin, Aleksey"]
[Result "1/2-1/2"]
[ECO "D85"]
[WhiteElo "2589"]
[BlackElo "2524"]
[Annotator "ChessBase"]
[PlyCount "98"]
[EventDate "2018.12.05"]
[EventType "k.o."]
[EventCountry "RUS"]
[SourceTitle "playchess.com"]
[Source "ChessBase"]
[SourceQuality "1"]
[TimeControl "5400+30"]

1. c4 Nf6 2. Nc3 d5 3. cxd5 Nxd5 4. Nf3 g6 5. d4 Bg7 6. e4 Nxc3 7. bxc3 c5 8. Be3 Qa5 9. Nd2 Qc7 10. Rc1 O-O 11. Be2 b6 12. O-O Ba6 13. Bxa6 Nxa6 14. d5 e6 15. dxe6 fxe6 16. Qg4 Qc6 17. Nf3 Nc7 18. Qh4 Rad8 19. Bf4 Nb5 20. Be5 Bxe5 21. Nxe5 Qc7 22. Qg3 Nd6 23. Ng4 Ne8 24. e5 h5 25. Ne3 Kh7 26. Rcd1 Rf7 27. Rxd8 Qxd8 28. Qh3 Qg5 29. Nc4 Ng7 30. Qd3 Qf5 31. Qe2 Qf4 32. Nd6 Rf8 33. Rd1 Rd8 34. g3 Qg4 35. Qxg4 hxg4 36. Kf1 g5 37. Re1 Kg6 38. Re4 Nf5 39. Rxg4 Nxd6 40. exd6 Kf5 41. Ra4 a5 42. h4 Rxd6 43. Ke2 Rd5 44. g4+ Kf6 45. h5 Re5+ 46. Kd2 Rd5+ 47. Ke2 Re5+ 48. Kd2 Rd5+ 49. Ke2 Ke5 1/2-1/2

[Event "RUS Cup Final Men 2018"]
[Site "Khanty-Mansiysk"]
[Date "2018.12.07"]
[Round "2.1"]
[White "Bocharov, Dmitry"]
[Black "Paravyan, David"]
[Result "1/2-1/2"]
[ECO "A04"]
[WhiteElo "2533"]
[BlackElo "2634"]
[Annotator "ChessBase"]
[PlyCount "51"]
[EventDate "2018.12.05"]
[EventType "k.o."]
[EventCountry "RUS"]
[SourceTitle "playchess.com"]
[Source "ChessBase"]
[SourceQuality "1"]
[TimeControl "5400+30"]

1. Nf3 c5 2. e3 g6 3. d4 Bg7 4. d5 Nf6 5. Nc3 O-O 6. Bc4 d6 7. h3 Nbd7 8. O-O Nb6 9. Be2 e6 10. e4 exd5 11. exd5 Bf5 12. a4 Ne4 13. Nxe4 Bxe4 14. a5 Bxf3 15. Bxf3 Nc4 16. a6 b5 17. c3 b4 18. Ra2 Rb8 19. Be2 Ne5 20. Bd2 bxc3 21. bxc3 Re8 22. Qc2 Nd7 23. Bd3 Ne5 24. Be2 Nd7 25. Bd3 Ne5 26. Be2 1/2-1/2